 Dungeon Crawl Stone Soup version 0.23.0-28-g6fe0f4d (webtiles) character file.

Game seed: 2951519555373430933

2512 sking99 the Spear-Bearer (level 9, 0/62 HPs)
             Began as an Octopode Warper on Feb 25, 2019.
             Was a Believer of Yredelemnul.
             Shot with an arrow by a centaur (10 damage)
             ... on level 7 of the Dungeon.
             The game lasted 00:21:04 (10907 turns).

sking99 the Spear-Bearer (Octopode Warper)         Turns: 10907, Time: 00:21:05

Health: 0/62       AC:  1    Str: 11    XL:     9   Next: 53%
Magic:  10/12      EV: 15    Int: 18    God:    Yredelemnul [**....]
Gold:   287        SH:  0    Dex: 11    Spells: 4/12 levels left

rFire    . . .     SeeInvis .   a - +0 spear
rCold    . . .     Gourm    .   (no shield)
rNeg     . . .     Faith    .   (helmet restricted)
rPois    .         Spirit   .   (no amulet)
rElec    .         Reflect  .   j - ring of protection from magic
rCorr    .         Harm     .   (no ring)
MR       +....                  (no ring)
Stlth    ++........             (no ring)
HPRegen  0.20/turn              (no ring)
MPRegen  0.13/turn              (no ring)
                                (no ring)
                                (no ring)

@: no status effects
A: almost no armour, stealthy swim, amphibious, 8 rings, constrict 8, camouflage
1, gelatinous body 1
a: Animate Remains, Recall Undead Slaves, Injury Mirror, Renounce Religion


You were on level 7 of the Dungeon.
You worshipped Yredelemnul.
Yredelemnul was pleased with you.
You were hungry.

You visited 1 branch of the dungeon, and saw 7 of its levels.
You also visited: Ossuary.

You collected 287 gold pieces.

Inventory:

Hand Weapons
 a - a +0 spear (weapon)
 m - a +0 blowgun
Missiles
 d - 5 tomahawks of dispersal (quivered)
 n - 23 poisoned needles
 p - 8 poisoned tomahawks
Jewellery
 j - a ring of protection from magic (left tentacle)
 w - an uncursed ring of fire
Wands
 i - a wand of polymorph (6)
 v - a wand of random effects (15)
Scrolls
 c - 2 scrolls of blinking
 e - a scroll of fear
 k - 4 scrolls of remove curse
 l - 2 scrolls of magic mapping
 o - 4 scrolls of teleportation
 x - a scroll of torment {unknown}
 y - a scroll of fog {unknown}
 B - a scroll of noise {unknown}
 D - 2 scrolls of immolation {unknown}
Potions
 b - a potion of flight
 g - 2 potions of brilliance
 h - 4 potions of haste
 q - 2 potions of degeneration
 r - 4 potions of curing
 s - a potion of might {unknown}
 t - 4 potions of mutation
 u - a potion of invisibility {unknown}
 z - a potion of lignification {unknown}
 A - 2 potions of heal wounds
 C - a potion of cancellation {unknown}
Comestibles
 f - 2 rations


   Skills:
 + Level 5.8 Fighting
 * Level 8.2 Polearms
 - Level 1.0 Throwing
 + Level 6.0 Dodging
 - Level 2.0 Spellcasting
 - Level 2.0 Charms
 + Level 6.1 Translocations


You had 4 spell levels left.
You knew the following spells:

 Your Spells              Type           Power        Failure   Level  Hunger
a - Blink                 Tloc           N/A          2%          2    ###....
b - Shroud of Golubria    Chrm/Tloc      ###.......   4%          2    ###....
c - Passage of Golubria   Tloc           N/A          14%         4    #####..

Your spell library contained the following spells:

 Spells                   Type           Power        Failure   Level  Hunger
 Gell's Gravitas          Tloc           ###.......   4%          3    ###....
 Lesser Beckoning         Tloc           ###.......   4%          3    ###....
 Teleport Other           Tloc           ###.....     4%          3    ###....


Dungeon Overview and Level Annotations

Branches:
Dungeon (7/15)             Temple (0/1) D:7

Altars:
Cheibriados
Dithmenos
Trog
Xom
Yredelemnul

Annotations:
D:2 Sigmund


Innate Abilities, Weirdness & Mutations

You cannot wear most types of armour.
You are very stealthy in the water. (Stealth+)
You are amphibious.
You can wear up to eight rings at the same time.
You can use your tentacles to constrict eight enemies at once.
Your skin changes colour to match your surroundings (Stealth+).
Your rubbery body absorbs attacks. (AC +1, EV +1)


Message History

You barely miss the crimson imp. You grab the crimson imp.
You squeeze the crimson imp.
The crimson imp is moderately wounded.
You constrict the crimson imp.
The crimson imp hits you but does no damage.
You hit the crimson imp. You squeeze the crimson imp.
You kill the crimson imp!
Yredelemnul accepts your kill.
The centaur shoots an arrow.
The arrow hits you!
* * * LOW HITPOINT WARNING * * *
You see here an arrow.
Casting: Blink (safe; 2% risk of failure)
Confirm with . or Enter, or press ? or * to list all spells.
You blink.
You are feeling hungry.
The centaur shoots an arrow.
The arrow barely misses you.
Found an embroidered scarf.
The centaur shoots an arrow.
The arrow hits you!
You die...
Your body rises from the dead as a mindless zombie.

##.##...#........#(....#.#
#......##..>..##...#####.#
#....#........#..### #.#
#......###...##..# #.#
######....#...###.#...# #.#
#.........##....#.#..(# #.#
#.#########*..........# #.##
##†#..(..########.#.##.# #...
....#.##.##.....@...##.## ###.
....#§##.##.......#.....########.
....#.##.c........##.#..#....)..#
....#.#####....#........#.......#
...(c.# #.#######.#...........#
....### **#.#** #.#..##.......#
....# *,...,* #,#[.###.######
##### *....,* *,##.÷##.# #
*,...[* *,*#..##<# #


You could see a centaur.

Vanquished Creatures
  Duvessa (D:6)
  2 centaurs (D:7)
  4 ogres
  5 elf zombies (Ossuary)
  A bullfrog (D:7)
  Dowan (D:6)
  A scorpion (D:6)
  4 howler monkeys
  3 crimson imps
  A centaur zombie (Ossuary)
  3 hounds
  4 jellies
  A bullfrog skeleton (D:5)
  6 human zombies (Ossuary)
  An orc priest (D:4)
  3 orc wizards
  An iron imp (D:5)
  An iguana (D:5)
  6 worker ants
  A killer bee zombie (D:7)
  A hound zombie (D:6)
  3 mummies (Ossuary)
  A hound skeleton (D:6)
  A gnoll (D:1)
  12 adders
  A shadow imp (D:3)
  2 worms
  5 dart slugs
  7 leopard geckos
  10 orcs
  3 giant cockroaches
  9 goblins
  5 hobgoblins
  6 jackals
  9 kobolds
  A quokka (D:3)
  6 bats
  4 frilled lizards
  A quokka skeleton (D:6)
  6 rats
143 creatures vanquished.

Vanquished Creatures (collateral kills)
  A hungry ghost (D:7)
  A howler monkey (D:7)
  2 crimson imps (D:7)
  A jelly (D:7)
5 creatures vanquished.

Vanquished Creatures (others)
  2 centaur zombies (D:7)
  An ogre zombie (D:7)
  A hound zombie (D:5)
  A howler monkey zombie (D:7)
  A quokka (D:6)
  An orc skeleton (D:5)
  An orc zombie (D:5)
  A quokka zombie (D:6)
9 creatures vanquished.

Grand Total: 157 creatures vanquished

Notes
Turn   | Place    | Note
-------+----------+-------------------------------------------
     0 | D:1      | sking99 the Octopode Warper began the quest for the Orb.
     0 | D:1      | Reached XP level 1. HP: 14/14 MP: 3/3
   100 | D:1      | Reached XP level 2. HP: 19/19 MP: 5/5
   182 | D:1      | Reached XP level 3. HP: 14/25 MP: 6/6
   381 | D:1      | Learned a level 2 spell: Blink
   384 | D:1      | Learned a level 2 spell: Shroud of Golubria
   780 | D:2      | You fall through a shaft!
   824 | D:3      | Reached skill level 3 in Polearms
  1009 | D:2      | Reached XP level 4. HP: 30/30 MP: 7/7
  1222 | D:2      | Found a basalt altar of Yredelemnul.
  1227 | D:2      | Found a bloodstained altar of Trog.
  1233 | D:2      | Found a shimmering altar of Xom.
  1250 | D:2      | Became a worshipper of Yredelemnul the Dark
  1475 | D:2      | Noticed Sigmund
  1765 | D:3      | Reached skill level 1 in Charms
  1768 | D:3      | Reached XP level 5. HP: 33/35 MP: 6/8
  1919 | D:3      | Found a shadowy altar of Dithmenos.
  2485 | D:3      | Reached * piety under Yredelemnul
  2892 | D:4      | Noticed a phantom
  3239 | D:4      | Reached skill level 4 in Polearms
  3239 | D:4      | Reached XP level 6. HP: 30/42 MP: 7/9
  4933 | D:4      | Reached XP level 7. HP: 34/46 MP: 10/10
  5106 | D:5      | Entered Level 5 of the Dungeon
  6299 | D:5      | Reached skill level 5 in Polearms
  7432 | D:6      | Learned a level 4 spell: Passage of Golubria
  7687 | D:6      | Found a snail-covered altar of Cheibriados.
  7702 | D:6      | Noticed Duvessa
  7703 | D:6      | Noticed Dowan
  7719 | D:6      | Killed Duvessa
  7719 | D:6      | Reached XP level 8. HP: 6/54 MP: 9/11
  7740 | D:6      | Killed Dowan
  8005 | D:6      | Reached skill level 6 in Polearms
  8435 | D:5      | Reached skill level 5 in Translocations
  8838 | D:5      | Found a snail-covered altar of Cheibriados.
  8995 | D:5      | Reached skill level 5 in Dodging
  9343 | D:7      | Found a sand-covered staircase.
  9352 | Ossuary  | Entered an ossuary
  9380 | Ossuary  | Reached ** piety under Yredelemnul
  9596 | Ossuary  | Reached skill level 5 in Fighting
  9596 | Ossuary  | Reached skill level 7 in Polearms
  9945 | Ossuary  | Reached XP level 9. HP: 59/61 MP: 10/12
 10359 | D:7      | Found a staircase to the Ecumenical Temple.
 10739 | D:7      | Reached skill level 8 in Polearms
 10907 | D:7      | Shot with an arrow by a centaur

Skill      XL: |  1  2  3  4  5  6  7  8  9 |
---------------+----------------------------+-----
Polearms       | 3 4 5 7 8 |  8.2
Dodging        | 3 4 5 6 |  6.0
Charms         | 1 2 |  2.0
Fighting       | 3 4 5 |  5.8
Translocations | 4 5 6 |  6.1
Throwing       | |  1.0
Spellcasting   | |  2.0

Action                   |  1- 3 |  4- 6 |  7- 9 || total
-------------------------+-------+-------+-------++-------
Melee: Spear             |    71 |   212 |   438 ||   721
       Constrict         |    14 |    42 |    53 ||   109
       Tentacles         |     9 |    34 |    93 ||   136
 Cast: Shroud of Golubri |     1 |    19 |    19 ||    39
       Blink             |       |     9 |    19 ||    28
Invok: Animate Remains   |       |       |     9 ||     9
       Recall Undead Sla |       |       |     1 ||     1
  Use: Scroll            |       |     1 |    11 ||    12
       Potion            |       |       |     1 ||     1
 Stab: Sleeping          |     9 |     4 |     6 ||    19
       Distracted        |     1 |       |     2 ||     3
  Eat: Chunk             |       |     7 |     5 ||    12
       Ration            |       |     2 |     6 ||     8
Armor: Skin              |     2 |     8 |     6 ||    16
Dodge: Dodged            |    31 |    95 |   174 ||   300
